 Dungeon Crawl Stone Soup version 0.26.1-15-g04117e645d (webtiles) character file.

Game seed: 3923011121218307209

113 Froggeryz the Cutter (level 4, -9/46 HPs)
             Began as an Octopode Berserker on May 5, 2022.
             Was a Believer of Trog.
             Killed from afar by an orc wizard (11 damage)
             ... with a puff of frost
             ... on level 3 of the Dungeon.
             The game lasted 00:01:27 (2355 turns).

Froggeryz the Cutter (Octopode Berserker)           Turns: 2355, Time: 00:01:27

Health: -9/46      AC:  1    Str: 16    XL:     4   Next: 96%
Magic:  4/4        EV: 14    Int:  9    God:    Trog [**....]
Gold:   105        SH:  0    Dex: 12    Spells: 3/3 levels left

rFire    . . .     SeeInvis .   a - +0 short sword
rCold    . . .     Faith    .   (no shield)
rNeg     . . .     Spirit   .   (helmet restricted)
rPois    .         Reflect  .   c - amulet of regeneration
rElec    .         Harm     .   (no ring)
rCorr    .         Rampage  .   (no ring)
Will     .....                  (no ring)
Stlth    ..........             (no ring)
HPRegen  0.55/turn              (no ring)
MPRegen  0.09/turn              (no ring)
                                (no ring)
                                (no ring)

@: berserking, very quick
A: almost no armour, stealthy swim, amphibious, 8 rings, constrict 8, camouflage
1, gelatinous body 1
a: Renounce Religion, Berserk, Trog's Hand


You were on level 3 of the Dungeon.
You worshipped Trog.
Trog was pleased with you.
You visited 1 branch of the dungeon, and saw 3 of its levels.

You collected 105 gold pieces.

Inventory:

Hand Weapons
 a - a +0 short sword (weapon)
Missiles
 h - 4 boomerangs
 j - 18 poisoned darts
Jewellery
 c - an amulet of regeneration (around mantle)
Wands
 k - a wand of polymorph (7)
Scrolls
 b - 4 scrolls of identify {unknown}
 d - 2 scrolls of immolation {unknown}
 f - a scroll of remove curse {unknown}
 g - 2 scrolls of blinking {unknown}
Potions
 e - a potion of invisibility {unknown}
 i - a potion of flight {unknown}


   Skills:
 - Level 3.0 Fighting
 * Level 4.8 Short Blades
 - Level 3.0 Dodging
 + Level 3.4 Stealth


You had 3 spell levels left.
You didn't know any spells.
Your spell library was empty.

Dungeon Overview and Level Annotations

Branches:
Dungeon (3/15)

Altars:
Uskayaw


Innate Abilities, Weirdness & Mutations

You cannot wear most types of armour.
You are very stealthy in the water. (Stealth+)
You are amphibious.
You can wear up to eight rings at the same time.
You can use your tentacles to constrict eight enemies at once.
Your skin changes colour to match your surroundings (Stealth+).
Your rubbery body absorbs attacks. (AC +1, EV +1)


Message History

You are too injured to fight recklessly!
A red film seems to cover your vision as you go berserk!
You feel yourself moving faster!
You feel mighty!
You constrict the orc. Something hits you.
* * * LOW HITPOINT WARNING * * *
The orc misses you.
You miss something. You squeeze something! You constrict the orc.
Something hits you but does no damage.
You closely miss something. Your squeeze misses something.
You constrict the orc.
You feel the power of Trog in you as your rage grows.
You kill the orc!
Trog accepts your kill. Something hits you.
* * * LOW HITPOINT WARNING * * *
You closely miss something.
You hear some strange, mumbled words.
A puff of frost appears from out of thin air!
The puff of frost hits you!
You die...

..#
#..........#
..#
#..........#
###
#..........#
.
#..........#
#.
##...(....##
##
##[.....##
#####...#
#...##
###@.#
#)){.#
#....#
#....#
#....#
#>...#
######


There were no monsters in sight!

Vanquished Creatures
  3 adders
  An ooze (D:3)
  A worm (D:3)
  4 dart slugs
  3 leopard geckos
  8 orcs (D:3)
  A ball python (D:2)
  5 bats
  A giant cockroach (D:2)
  7 goblins
  7 hobgoblins
  3 quokkas (D:2)
  3 frilled lizards
  8 kobolds
  7 rats
62 creatures vanquished.

Vanquished Creatures (others)
  5 plants (D:3)
5 creatures vanquished.

Grand Total: 67 creatures vanquished

Notes
Turn   | Place    | Note
-------+----------+-------------------------------------------
     0 | D:1      | Froggeryz the Octopode Berserker began the quest for the
                  | Orb.
     0 | D:1      | Reached XP level 1. HP: 16/16 MP: 1/1
   501 | D:1      | Reached skill level 1 in Stealth
   502 | D:1      | Reached XP level 2. HP: 14/21 MP: 2/2
  1307 | D:2      | Reached XP level 3. HP: 26/26 MP: 3/3
  1429 | D:2      | Reached skill level 4 in Short Blades
  1506 | D:2      | Found a faded altar of an unknown god.
  1599 | D:2      | Reached ** piety under Trog
  1858 | D:3      | Reached XP level 4. HP: 31/31 MP: 4/4
  2118 | D:3      | Noticed a +0 dagger
  2118 | D:3      | Noticed a +0 hand axe
  2122 | D:3      | Found a hide-covered altar of Uskayaw.
  2354 | D:3      | HP: 2/46 [something (6)]
  2355 | D:3      | Killed from afar by an orc wizard

Illustrated notes

Levels and vault maps discovered:
D:1:      dpeg_arrival_circle_labyrinth_c, layout_basic, st_stairs_10
D:2:      layout_rooms, chequers_ecumenical_altar_simple
D:3:      layout_rooms, dancing_weapons_uskayaw, gammafunk_ghost_cemetery,
          serial_bayou, serial_bayou_ford_a, serial_bayou_pond_d,
          serial_bayou_shore_a, serial_bayou_pond_b

Skill      XL: |  1  2  3  4 |
---------------+-------------+-----
Stealth        | 1 2 3 |  3.4
Short Blades   | 4 |  4.8
Fighting       | |  3.0
Dodging        | |  3.0

Action                   |  1- 3 |  4- 6 || total
-------------------------+-------+-------++-------
Melee: Short sword       |    72 |    54 ||   126
       Constrict         |    18 |    15 ||    33
       Tentacles         |    18 |    12 ||    30
Invok: Berserk           |       |     1 ||     1
 Stab: Sleeping          |     6 |     1 ||     7
Armor: Skin              |    13 |       ||    13
Dodge: Dodged            |    42 |    32 ||    74
